Map: New Richmond

Players

neulaender - Winner!

  • Race: Zerg Zerg

BennTenn - Winner!

  • Race: Terran Terran

Baumdoktor - Winner!

  • Race: Protoss Protoss

A.I. 3 (Very Hard)

  • Race: Terran Terran

A.I. 4 (Very Hard)

  • Race: Protoss Protoss

A.I. 5 (Elite)

  • Race: Protoss Protoss

VOD

Have the link to the VOD?

Description

Time

  • Played on: Oct. 10, 2016, 2:12 p.m.
  • Length: 16:36
Show
View Real Time Build Order
Export as new Build Order

neulaender Zerg - Winner!

Build Orders: Hatch First 

Get SALT Encoding   

  12  0:01  Drone  
  13  0:14  Overlord  
  13  0:19  Drone  
  14  0:36  Drone  
  15  0:45  Drone  
  16  0:52  Hatchery  
  15  1:07  Spawning Pool  
  15  1:11  Drone  
  15  1:14  Drone  
  17  1:18  Drone  
  17  1:25  Overlord  
  17  1:32  Extractor  
  16  1:33  Drone  
  17  1:45  Drone  
  18  1:54  Queen  
  18  1:56  Drone  
  21  2:10  Drone x2  
  23  2:16  Drone x2  
  25  2:29  Drone  
  26  2:31  Queen  
  26  2:35  Drone  
  29  2:39  Overlord  
  29  2:41  Zergling x2  
  29  2:42  Metabolic Boost  
  30  2:48  Drone x2  
  32  2:52  Extractor  
  31  2:58  Overlord  
  31  3:05  Evolution Chamber  
  30  3:09  Roach Warren  
  30  3:10  Drone x4  
  33  3:13  Drone  
  33  3:19  Zergling x2  
  36  3:20  Zergling x2  
  36  3:23  Lair  
  36  3:33  Evolution Chamber  
  35  3:35  Drone  
  35  3:39  Zerg Missile Weapons Level 1  
  36  3:45  Extractor  
  36  3:47  Drone x2  
  36  3:48  Drone  
  38  3:57  Overlord  
  38  4:07  Drone x2  
  40  4:12  Zerg Ground Armor Level 1  
  40  4:17  Roach x3  
  46  4:26  Extractor  
  46  4:28  Drone x3  
  46  4:30  Glial Reconstitution  
  48  4:32  Zergling x2, Roach  
  48  4:33  Zergling x4  
  53  4:39  Roach  
  55  4:46  Overlord  
  55  4:47  Overlord  
  55  4:48  Drone  
  55  4:49  Roach x2  
  60  5:01  Overlord  
  60  5:06  Burrow  
  60  5:08  Roach x4  
  60  5:13  Zergling x2  
  69  5:16  Roach x2  
  69  5:17  Roach  
  69  5:18  Zergling x2  
  69  5:20  Zergling x2  
  77  5:34  Roach x3  
  77  5:35  Zergling x2  
  84  5:37  Overlord  
  84  5:47  Overlord x3  
  84  5:51  Zerg Melee Weapons Level 1  
  84  5:59  Zergling x2, Roach x2  
  70  6:25  Roach  
  61  6:26  Roach x5  
  61  6:32  Zerg Ground Armor Level 2  
  59  6:33  Tunneling Claws  
  59  6:36  Roach  
  59  6:38  Zergling x2  
  55  6:53  Roach x5  
  65  7:01  Hydralisk Den  
  64  7:19  Hatchery  
  64  7:20  Roach  
  64  7:21  Roach x2  
  69  7:48  Hydralisk  
  69  7:49  Hydralisk  
  73  7:54  Zerg Missile Weapons Level 2  
  73  7:56  Zergling x2  
  72  8:01  Hatchery  
  59  8:11  Zergling x16  
  67  8:19  Drone x3  
  59  8:36  Roach  
  59  8:37  Roach x5  
  69  8:52  Roach  
  69  8:53  Roach x2  
  55  9:04  Zergling x2  
  55  9:05  Zergling x8  
  54  9:19  Queen  
  54  9:22  Zerg Melee Weapons Level 2  
  56  9:29  Drone x2  
  58  9:36  Zergling x6  
  58  9:37  Zergling x2  
  53  10:05  Roach x2, Hydralisk x2  
  53  10:06  Roach x2  
  61  10:20  Roach x3  
  65  10:29  Hatchery  
  65  10:34  Zergling x2  
  65  10:35  Zergling x14  
  68  10:54  Hydralisk x3  
  74  11:12  Zergling x6  
  74  11:13  Roach x2  
  81  11:20  Hydralisk Den  
  81  11:24  Hatchery  
  79  11:27  Drone  
  79  11:29  Drone, Extractor  
  79  11:30  Drone  
  81  12:00  Infestation Pit  
  76  12:02  Roach x2  
  76  12:03  Roach x7  
  76  12:07  Drone x2, Hatchery  
  70  12:19  Muscular Augments, Hydralisk x3  
  69  12:31  Roach x5, Hydralisk  
  69  12:32  Zergling x2, Roach  
  69  12:35  Overlord  
  69  12:36  Queen  
  86  12:45  Extractor  
  86  12:46  Drone x4  
  86  12:47  Queen  
  91  12:55  Drone  
  91  12:57  Hive  
  92  13:00  Hydralisk x2  
  92  13:01  Hydralisk x3  
  100  13:28  Queen, Drone  
  103  13:38  Drone x3  
  103  13:40  Roach, Hydralisk  
  103  13:41  Roach x6, Hydralisk x8  
  138  13:51  Hydralisk x2  
  138  13:54  Overlord x2  
  138  13:55  Overlord x2  
  140  14:24  Zergling x2  
  140  14:25  Zergling x34  
  158  14:36  Hydralisk  
  158  14:37  Hydralisk x4  
  152  15:04  Hydralisk  
  152  15:05  Zergling x18  
  152  15:06  Zergling x16  
  161  15:29  Zergling x2  
  161  15:30  Zergling x8  
  161  15:32  Overlord x2  
  161  15:33  Overlord x2  
  165  15:42  Pneumatized Carapace  
Show
View Real Time Build Order
Export as new Build Order

BennTenn Terran - Winner!

Build Orders:  

Get SALT Encoding   

  12  0:02  SCV  
  13  0:14  SCV  
  14  0:22  Supply Depot  
  14  0:26  SCV  
  15  0:43  SCV  
  15  0:45  Barracks  
  16  0:55  SCV  
  17  1:07  SCV  
  18  1:14  Refinery  
  18  1:17  Refinery  
  18  1:19  SCV  
  19  1:31  SCV  
  19  1:32  Marine  
  20  1:33  Barracks  
  21  1:46  Orbital Command  
  21  1:50  Marine  
  22  2:08  Marine  
  22  2:09  Command Center  
  23  2:27  Supply Depot  
  23  2:37  Supply Depot  
  23  2:48  Marine x2  
  23  2:49  SCV  
  26  2:57  Engineering Bay  
  26  3:01  SCV  
  27  3:13  Supply Depot, SCV  
  28  3:25  SCV  
  29  3:33  Marine  
  30  3:39  Supply Depot  
  30  3:41  Marine  
  31  3:51  Marine  
  32  3:59  Marine  
  33  4:08  SCV  
  33  4:09  Marine  
  36  4:17  Reaper  
  36  4:20  SCV  
  36  4:23  SCV  
  38  4:27  Marine  
  39  4:32  SCV  
  39  4:36  SCV  
  41  4:45  Reaper  
  42  4:48  SCV  
  42  4:49  Reaper  
  42  4:50  SCV  
  42  4:51  Command Center  
  45  5:03  SCV  
  46  5:15  SCV  
  46  5:17  Marine  
  46  5:21  Marine  
  49  5:23  Terran Infantry Weapons Level 1  
  49  5:26  Ghost Academy  
  49  5:27  SCV  
  50  5:34  Marine  
  51  5:38  Marine  
  51  5:39  SCV  
  53  5:51  SCV  
  53  5:52  Reaper  
  53  5:57  Reaper  
  56  6:10  Orbital Command  
  56  6:16  Refinery  
  55  6:18  Refinery  
  55  6:25  Reaper  
  56  6:29  Reaper, Supply Depot  
  55  6:52  Supply Depot  
  55  6:57  Reaper  
  55  7:01  Reaper  
  57  7:18  Terran Infantry Armor Level 1  
  55  7:29  Reaper  
  56  7:33  Reaper  
  56  7:37  Factory  
  57  7:40  Factory  
  57  8:01  Reaper  
  57  8:05  Marine  
  55  8:22  Marine  
  51  8:33  Marine  
  38  8:40  Marine  
  38  8:50  Marine  
  39  8:58  Marine  
  37  9:08  Marine  
  37  9:10  Personal Cloaking  
  37  9:12  Hi-Sec Auto Tracking  
  37  9:18  SCV  
  38  9:28  Marine x2  
  38  9:30  SCV  
  40  9:42  SCV  
  33  9:46  Marine x2  
  31  9:54  SCV  
  31  10:04  Marine x2  
  31  10:06  SCV  
  32  10:08  Neosteel Frame  
  30  10:21  Marine  
  30  10:22  Marine  
  30  10:39  Marine x2  
  32  11:27  Building Armor  
Show
View Real Time Build Order
Export as new Build Order

Baumdoktor Protoss - Winner!

Build Orders: 1 Gate Expand 

Get SALT Encoding   

  12  0:02  Probe (Chrono Boost)  
  13  0:13  Probe (Chrono Boost)  
  14  0:18  Pylon  
  14  0:23  Probe (Chrono Boost)  
  15  0:37  Probe (Chrono Boost)  
  16  0:44  Gateway  
  16  0:48  Probe (Chrono Boost)  
  17  0:59  Probe (Chrono Boost)  
  18  1:10  Probe (Chrono Boost)  
  19  1:18  Nexus  
  19  1:23  Probe (Chrono Boost)  
  20  1:32  Cybernetics Core  
  20  1:38  Pylon  
  20  1:43  Assimilator  
  20  1:50  Probe (Chrono Boost), Assimilator  
  21  2:01  Probe (Chrono Boost)  
  22  2:11  Probe (Chrono Boost)  
  22  2:12  Warp Gate  
  23  2:21  Gateway x2  
  23  2:24  Gateway  
  23  2:33  Probe (Chrono Boost)  
  23  2:35  Probe (Chrono Boost)  
  25  2:56  Probe (Chrono Boost)  
  27  3:00  Probe (Chrono Boost)  
  27  3:07  Probe (Chrono Boost)  
  30  3:13  Mothership Core (Chrono Boost)  
  30  3:14  Gateway  
  30  3:22  Gateway  
  30  3:25  Probe (Chrono Boost)  
  31  3:33  Probe (Chrono Boost)  
  31  3:36  Probe (Chrono Boost)  
  31  3:37  Pylon  
  32  3:45  Probe (Chrono Boost)  
  33  3:52  Assimilator  
  33  3:56  Assimilator  
  33  3:57  Probe (Chrono Boost)  
  33  4:00  Probe (Chrono Boost)  
  35  4:07  Forge  
  35  4:09  Probe (Chrono Boost)  
  36  4:10  Probe (Chrono Boost)  
  37  4:21  Probe (Chrono Boost)  
  38  4:24  Twilight Council  
  38  4:30  Stalker  
  38  4:31  Stalker x4  
  46  4:32  Stalker  
  51  4:45  Probe (Chrono Boost)  
  51  4:55  Stalker  
  51  4:56  Probe (Chrono Boost)  
  54  5:04  Nexus  
  54  5:09  Pylon  
  54  5:12  Pylon  
  54  5:18  Charge  
  54  5:27  Probe (Chrono Boost)  
  55  5:37  Protoss Ground Weapons Level 1  
  55  5:38  Probe (Chrono Boost)  
  55  5:40  Stalker  
  55  5:42  Stalker  
  60  5:48  Probe (Chrono Boost)  
  61  5:59  Probe (Chrono Boost)  
  62  6:04  Stalker x4  
  70  6:16  Probe (Chrono Boost)  
  70  6:17  Zealot x2  
  75  6:43  Blink, Pylon  
  75  6:48  Probe (Chrono Boost), Pylon  
  75  6:51  Probe (Chrono Boost)  
  75  6:52  Pylon  
  77  6:58  Probe (Chrono Boost)  
  77  6:59  Probe (Chrono Boost)  
  77  7:01  Pylon  
  79  7:02  Probe (Chrono Boost)  
  79  7:07  Pylon  
  80  7:09  Probe (Chrono Boost)  
  80  7:11  Probe (Chrono Boost)  
  80  7:12  Probe (Chrono Boost)  
  80  7:15  Gateway  
  83  7:17  Gateway  
  83  7:19  Gateway, Probe (Chrono Boost), Assimilator  
  85  7:23  Probe x2 (Chrono Boost)  
  85  7:24  Assimilator  
  85  7:27  Stalker x3  
  91  7:30  Probe (Chrono Boost)  
  91  7:31  Protoss Ground Armor Level 1  
  91  7:33  Probe (Chrono Boost)  
  91  7:35  Probe (Chrono Boost)  
  81  7:46  Zealot x3  
  74  8:02  Zealot x3  
  74  8:11  Stalker x3  
  80  8:25  Stalker x3  
  86  8:35  Stalker x2  
  86  8:36  Stalker  
  92  8:49  Zealot x5  
  92  8:50  Zealot  
  80  9:21  Zealot x3  
  80  9:22  Zealot x6  
  98  9:38  Templar Archives  
  98  9:41  Robotics Facility  
  98  9:44  Robotics Facility  
  98  9:45  Stalker  
  98  9:46  Stalker x6  
  98  9:47  Stalker x2  
  116  10:11  Stalker x2  
  106  10:22  Pylon  
  106  10:24  Pylon  
  106  10:26  Pylon  
  96  10:34  Pylon  
  96  10:35  Pylon  
  96  10:37  Pylon  
  96  10:40  Stalker  
  96  10:41  Stalker x6  
  96  10:42  Stalker x2  
  114  10:43  Pylon  
  114  10:51  Pylon  
  114  11:07  Zealot x4  
  114  11:08  Zealot x5  
  126  11:39  High Templar  
  126  11:40  High Templar x6  
  126  11:41  High Templar x2  
  142  11:54  Archon x3  
  130  11:55  Archon  
  106  12:14  Zealot x2  
  102  12:16  Zealot x5  
  102  12:17  Zealot x2  
  102  12:35  Zealot  
  102  12:36  Zealot x5  
  114  12:37  Zealot x3  
  120  12:47  Gateway  
  120  12:48  Gateway  
  120  12:50  Gateway  
  120  12:51  Gateway  
  120  12:53  Gateway  
  120  12:55  Gateway  
  120  12:57  Gateway  
  120  13:01  Gateway  
  120  13:04  Gateway  
  120  13:06  Gateway  
  120  13:08  Gateway  
  120  13:10  Gateway, Immortal x2  
  120  13:11  Gateway  
  120  13:20  Pylon x2  
  120  13:25  Pylon  
  112  13:27  Pylon  
  112  13:32  Robotics Bay  
  110  13:37  Zealot x5  
  110  13:38  Zealot x4  
  128  13:49  Immortal x2  
  136  14:00  High Templar x4  
  136  14:01  High Templar x5  
  136  14:02  High Templar x5  
  162  14:05  Zealot x2  
  166  14:14  Archon x2  
  166  14:15  Archon x4  
  166  14:16  Archon  
  166  14:27  Zealot x3  
  166  14:28  Immortal x2  
  178  14:34  Zealot x4  
  178  14:35  Zealot x5  
  178  14:36  Zealot x4  
  200  14:44  Extended Thermal Lance  
  154  15:08  Immortal x2  
  162  15:34  Zealot  
  162  15:35  Zealot x4  
  170  15:36  Zealot x6  
  170  15:37  Zealot x4  
  192  15:47  Observer  
Show
View Real Time Build Order
Export as new Build Order

A.I. 3 (Very Hard) Terran 

Build Orders: MMM Bio 

Get SALT Encoding   

  12  0:01  SCV  
  13  0:13  SCV  
  14  0:19  Supply Depot  
  14  0:25  SCV  
  15  0:41  SCV  
  16  0:44  Barracks  
  16  0:53  SCV  
  17  1:05  SCV  
  18  1:17  Supply Depot, SCV  
  19  1:21  Refinery  
  19  1:29  SCV  
  19  1:31  Marine  
  21  1:41  SCV  
  22  1:49  Marine  
  22  1:52  Barracks  
  22  1:53  SCV  
  24  1:56  Refinery  
  24  2:04  Supply Depot  
  24  2:06  SCV  
  24  2:07  Marine  
  26  2:18  SCV  
  27  2:25  Marine  
  27  2:28  Factory  
  28  2:30  SCV  
  29  2:39  Marine  
  29  2:42  SCV  
  29  2:43  Marine  
  32  2:54  SCV  
  32  2:57  Marine  
  34  3:00  Marine  
  35  3:06  SCV  
  35  3:10  Barracks  
  36  3:14  Marine  
  36  3:18  Barracks Tech Lab, SCV  
  38  3:23  Factory Tech Lab  
  38  3:31  SCV  
  38  3:33  Barracks Tech Lab, Supply Depot  
  39  3:55  Marine x2, SCV  
  42  3:56  Stimpack  
  42  4:05  Combat Shields  
  42  4:07  SCV  
  43  4:19  SCV  
  44  4:27  Supply Depot  
  45  4:31  SCV  
  45  4:42  Barracks Reactor, Supply Depot, Marauder  
  47  4:49  Marauder, SCV  
  50  4:53  Starport  
  50  4:54  Command Center  
  50  4:55  Engineering Bay  
  50  5:03  Marauder  
  50  5:04  Orbital Command  
  52  5:10  Marine  
  53  5:23  Terran Infantry Weapons Level 1  
  53  5:24  Marauder  
  56  5:28  Marauder  
  56  5:29  Medivac  
  58  5:36  Supply Depot  
  58  5:46  Hellion, Marauder  
  62  5:58  Marauder  
  62  6:00  Supply Depot  
  62  6:02  Marine  
  65  6:06  SCV  
  65  6:07  Marauder, SCV  
  65  6:08  Hellion  
  70  6:18  SCV  
  70  6:19  Marauder  
  70  6:21  SCV  
  74  6:28  Marine  
  74  6:29  Hellion, Marauder  
  74  6:30  SCV  
  74  6:31  Medivac  
  82  6:33  SCV  
  82  6:37  Marine  
  84  6:42  SCV  
  84  6:44  Supply Depot  
  84  6:45  SCV  
  86  6:55  SCV  
  86  6:56  Marine  
  86  6:57  SCV, Marauder, Concussive Shells  
  90  7:05  Engineering Bay  
  90  7:14  Marauder  
  92  7:15  Command Center  
  92  7:17  Terran Infantry Armor Level 1  
  92  7:20  Supply Depot  
  92  7:22  Marauder  
  94  7:27  SCV  
  94  7:36  Marauder  
  96  7:40  Orbital Command  
  96  7:44  Marauder  
  98  7:46  Supply Depot  
  98  7:53  Missile Turret  
  98  7:57  Missile Turret, Marauder  
  95  8:00  Marine  
  95  8:05  Marauder  
  98  8:10  Starport Reactor, Barracks  
  98  8:13  Marine  
  98  8:17  Marine  
  98  8:18  Marauder  
  102  8:21  Supply Depot  
  102  8:26  Marauder  
  104  8:28  SCV  
  104  8:30  SCV  
  104  8:31  SCV, Marine  
  108  8:38  Hellion  
  108  8:40  SCV  
  111  8:42  SCV  
  111  8:43  SCV  
  111  8:47  Medivac, Viking  
  117  8:52  SCV  
  117  8:54  SCV  
  115  8:56  Orbital Command, Marauder  
  115  8:58  Marauder  
  115  8:59  Hellion  
  97  9:03  Marine  
  97  9:04  Marine  
  97  9:05  Marine  
  72  9:17  Medivac, Marine  
  72  9:20  Marauder  
  72  9:21  Missile Turret, Marine  
  72  9:23  Marine x2  
  80  9:24  Missile Turret  
  80  9:29  Medivac  
  82  9:35  Marine  
  83  9:39  Marine  
  83  9:41  Refinery, Marauder, Marine  
  83  9:43  Refinery  
  83  9:45  Marine  
  87  9:47  Medivac  
  89  9:53  Armory, Marauder  
  89  9:57  Marine  
  89  9:59  Refinery, Viking, Marine  
  95  10:02  Marine  
  95  10:03  Marauder  
  95  10:04  SCV  
  95  10:05  Refinery  
  99  10:08  SCV  
  99  10:09  SCV  
  101  10:14  Marine, Marauder  
  101  10:16  SCV  
  101  10:17  Viking  
  101  10:19  Marine  
  101  10:20  Marine  
  109  10:22  SCV x2  
  109  10:24  Marauder  
  113  10:28  Viking  
  113  10:29  SCV  
  113  10:34  SCV  
  118  10:35  SCV  
  118  10:36  Marauder  
  118  10:39  Terran Infantry Weapons Level 2  
  118  10:40  Supply Depot  
  118  10:41  SCV  
  121  10:45  Marauder  
  121  10:47  Viking  
  125  10:53  Missile Turret  
  125  10:57  Marauder  
  125  10:58  Viking  
  129  11:06  Factory  
  129  11:07  Marauder  
  129  11:09  Supply Depot  
  131  11:12  Hellion  
  131  11:16  Starport  
  131  11:17  Command Center  
  133  11:19  Marauder  
  135  11:28  Marauder  
  137  11:33  Hellion  
  137  11:34  Missile Turret  
  137  11:38  Supply Depot  
  139  11:40  Marauder  
  140  11:49  Marauder  
  140  11:50  Hellion  
  140  11:53  Ghost Academy  
  140  11:54  Hellion, Starport Tech Lab  
  141  12:01  Marauder  
  141  12:02  Factory  
  141  12:07  Hi-Sec Auto Tracking, Supply Depot, Marine  
  141  12:08  Marine  
  118  12:09  Marine  
  118  12:11  Hellion, Marauder  
  109  12:16  Siege Tank, Raven  
  109  12:22  Marine  
  99  12:25  Marine  
  99  12:26  Marine x2  
  86  12:32  Factory Tech Lab, Marauder  
  88  12:39  Medivac, Missile Turret  
  88  12:40  Marine  
  88  12:43  Marine  
  91  12:45  Marine  
  91  12:46  Marine  
  91  12:47  Widow Mine  
  91  12:48  Hellion  
  91  12:51  Cyclone  
  101  12:53  Ghost  
  105  12:58  Marauder  
  105  12:59  Raven  
  105  13:01  Marine  
  107  13:09  Hellion  
  107  13:11  Armory  
  109  13:15  Widow Mine  
  109  13:18  Infernal Pre-Igniter  
  113  13:20  Marauder  
  113  13:22  Marauder  
  113  13:23  Hellion  
  113  13:24  Marine x2  
  113  13:25  Marine  
  114  13:30  Widow Mine  
  117  13:41  Marauder  
  117  13:42  Marine  
  117  13:43  Marauder  
  117  13:44  Cyclone  
  117  13:45  Hellion  
  126  13:53  Medivac  
  127  13:59  Siege Tank  
  127  14:00  Medivac  
  134  14:02  Marauder  
  134  14:05  Widow Mine, Marauder  
  138  14:12  Supply Depot  
  138  14:16  Siege Tank  
  140  14:17  Command Center  
  142  14:24  Marauder  
  142  14:26  Marauder  
  142  14:30  Missile Turret  
  144  14:31  Siege Tank  
  144  14:34  Hellion, Marine  
  144  14:38  Marine  
  139  14:39  Marine  
  139  14:45  Marine  
  119  14:48  Siege Tank, Marauder  
  116  14:56  Hellion  
  116  14:59  Marine x2  
  113  15:01  Marine  
  113  15:02  Ghost  
  113  15:03  Hellion  
  113  15:06  Command Center  
  94  15:09  Marauder  
  96  15:16  Marine  
  96  15:17  Marine  
  96  15:19  Marine  
  99  15:23  Hellion  
  99  15:26  Siege Tank  
  90  15:30  Marauder  
  90  15:31  Hellion, Ghost  
  90  15:34  Marine  
  90  15:35  Marine  
  86  15:37  Marine  
  80  15:44  Siege Tank  
  78  15:51  Marine  
  78  15:52  Marine  
  80  15:58  Hellion, Siege Tank, Marine  
Show
View Real Time Build Order
Export as new Build Order

A.I. 4 (Very Hard) Protoss 

Build Orders: Zealot Archon 

Get SALT Encoding   

  12  0:01  Probe (Chrono Boost)  
  13  0:11  Probe (Chrono Boost)  
  14  0:21  Pylon  
  14  0:22  Probe (Chrono Boost)  
  15  0:39  Probe (Chrono Boost)  
  16  0:47  Assimilator  
  16  0:49  Probe (Chrono Boost)  
  17  0:50  Gateway  
  17  1:00  Probe (Chrono Boost)  
  17  1:02  Pylon  
  18  1:10  Probe (Chrono Boost)  
  19  1:21  Probe (Chrono Boost)  
  20  1:32  Probe (Chrono Boost)  
  21  1:35  Zealot  
  21  1:39  Cybernetics Core  
  23  1:41  Gateway  
  23  1:43  Probe (Chrono Boost)  
  24  1:52  Pylon  
  25  1:55  Probe (Chrono Boost)  
  25  2:00  Zealot  
  25  2:05  Assimilator  
  27  2:11  Probe (Chrono Boost)  
  27  2:13  Warp Gate  
  28  2:22  Probe (Chrono Boost)  
  29  2:26  Adept  
  29  2:27  Adept  
  33  2:40  Robotics Facility  
  33  2:42  Probe (Chrono Boost)  
  34  2:52  Adept x2  
  38  3:03  Pylon  
  38  3:04  Probe (Chrono Boost)  
  39  3:20  Sentry  
  39  3:21  Adept  
  39  3:26  Immortal  
  47  3:38  Pylon  
  47  3:54  Stalker  
  47  3:55  Stalker  
  47  3:56  Pylon  
  51  4:07  Immortal  
  55  4:20  Probe (Chrono Boost)  
  55  4:21  Pylon  
  56  4:30  Twilight Council  
  56  5:07  Templar Archives  
  56  5:12  Zealot  
  58  5:15  Gateway  
  58  5:21  Nexus  
  58  5:41  Zealot  
  60  5:46  High Templar, Pylon  
  62  6:00  Stalker  
  64  6:09  Stalker  
  64  6:10  Pylon  
  58  6:16  High Templar  
  60  6:22  Zealot  
  61  6:31  Zealot  
  62  6:33  Archon  
  62  6:42  Zealot  
  64  6:47  High Templar  
  64  6:48  Nexus  
  66  7:14  High Templar  
  68  7:27  Observer  
  68  7:28  Archon  
  69  7:55  High Templar, Zealot  
  73  8:02  Probe (Chrono Boost)  
  73  8:03  Probe (Chrono Boost)  
  75  8:07  Assimilator  
  75  8:10  Assimilator  
  76  8:13  Probe (Chrono Boost)  
  76  8:15  Probe (Chrono Boost)  
  76  8:17  Zealot x2  
  80  8:25  Probe (Chrono Boost)  
  80  8:26  Probe (Chrono Boost), High Templar  
  80  8:36  Probe (Chrono Boost), Zealot  
  80  8:37  Zealot  
  86  8:41  Nexus, Probe (Chrono Boost)  
  86  8:47  Probe (Chrono Boost)  
  87  8:55  Stalker  
  90  8:56  Probe (Chrono Boost)  
  90  8:57  Sentry  
  90  8:58  Pylon  
  90  9:00  Probe (Chrono Boost)  
  93  9:07  Probe (Chrono Boost)  
  94  9:11  Probe (Chrono Boost)  
  94  9:14  Stalker  
  97  9:19  Probe (Chrono Boost)  
  97  9:23  Probe (Chrono Boost)  
  98  9:25  Pylon  
  98  9:30  Probe (Chrono Boost), Stalker  
  101  9:34  Probe (Chrono Boost)  
  100  9:40  Stalker  
  100  9:41  Probe (Chrono Boost)  
  104  9:46  Probe (Chrono Boost), Zealot  
  104  9:55  Probe (Chrono Boost)  
  104  9:56  Probe (Chrono Boost), Pylon  
  104  9:57  Probe (Chrono Boost)  
  103  10:05  Zealot  
  103  10:06  Probe (Chrono Boost)  
  106  10:10  Adept  
  90  10:15  Adept  
  90  10:20  Probe (Chrono Boost)  
  77  10:23  Probe (Chrono Boost), High Templar  
  77  10:26  Probe (Chrono Boost)  
  71  10:29  High Templar  
  71  10:31  Probe (Chrono Boost)  
  71  10:35  Probe (Chrono Boost), Sentry  
  77  10:37  Probe (Chrono Boost)  
  79  10:43  Probe (Chrono Boost)  
  79  10:47  Probe (Chrono Boost)  
  79  10:48  Probe (Chrono Boost)  
  79  10:49  Archon  
  81  10:53  Zealot  
  81  10:54  Probe (Chrono Boost)  
  81  10:56  Stalker  
  86  10:58  Probe (Chrono Boost), High Templar  
  86  11:00  Probe (Chrono Boost)  
  90  11:06  Probe (Chrono Boost)  
  90  11:09  Probe (Chrono Boost)  
  93  11:11  High Templar  
  93  11:12  Probe (Chrono Boost)  
  93  11:17  Probe (Chrono Boost)  
  96  11:19  Stalker  
  96  11:22  Immortal  
  101  11:28  Stalker  
  84  11:39  Assimilator, Stalker  
  74  11:40  Probe (Chrono Boost)  
  74  11:41  Zealot  
  74  11:43  Probe x2 (Chrono Boost)  
  76  11:50  Stalker  
  76  11:51  Probe (Chrono Boost)  
  72  11:56  Assimilator  
  72  12:00  High Templar, Probe x2 (Chrono Boost), Sentry  
  68  12:02  Probe (Chrono Boost)  
  68  12:04  Immortal  
  72  12:11  Probe x2 (Chrono Boost)  
  72  12:12  Stalker  
  72  12:14  Probe (Chrono Boost)  
  64  12:21  Stalker  
  61  12:23  Probe x2 (Chrono Boost)  
  61  12:25  Probe (Chrono Boost)  
  62  12:30  Zealot  
  62  12:34  Probe (Chrono Boost), Stalker  
  62  12:35  Probe (Chrono Boost)  
  67  12:39  Probe (Chrono Boost)  
  67  12:42  Zealot  
  59  12:45  Probe (Chrono Boost)  
  59  12:49  Zealot  
  59  12:50  Probe (Chrono Boost)  
  62  12:51  Probe (Chrono Boost)  
  62  12:55  Adept  
  62  12:56  Probe (Chrono Boost)  
  64  13:01  Sentry  
  64  13:05  Probe (Chrono Boost)  
  64  13:08  Probe (Chrono Boost), Adept  
  63  13:14  Zealot  
  63  13:17  Probe (Chrono Boost)  
  28  13:55  Adept  
  28  13:56  Stalker x2  
  16  14:14  Sentry  
  10  14:26  Probe (Chrono Boost)  
Show
View Real Time Build Order
Export as new Build Order

A.I. 5 (Elite) Protoss 

Build Orders: Zealot Archon 

Get SALT Encoding   

  12  0:01  Probe (Chrono Boost)  
  13  0:11  Probe (Chrono Boost)  
  14  0:21  Pylon  
  14  0:22  Probe (Chrono Boost)  
  15  0:39  Probe (Chrono Boost)  
  16  0:47  Assimilator  
  16  0:50  Gateway, Probe (Chrono Boost)  
  17  0:59  Pylon  
  17  1:00  Probe (Chrono Boost)  
  18  1:11  Probe (Chrono Boost)  
  19  1:21  Probe (Chrono Boost)  
  20  1:32  Probe (Chrono Boost)  
  21  1:38  Zealot  
  21  1:41  Cybernetics Core  
  21  1:44  Probe (Chrono Boost)  
  24  1:55  Probe (Chrono Boost)  
  25  2:02  Nexus  
  25  2:13  Gateway  
  25  2:21  Pylon  
  25  2:23  Zealot  
  25  2:27  Warp Gate  
  25  2:29  Probe (Chrono Boost)  
  28  2:40  Probe (Chrono Boost), Assimilator  
  29  2:48  Adept  
  32  2:51  Probe (Chrono Boost)  
  32  3:00  Adept  
  32  3:03  Probe (Chrono Boost)  
  32  3:04  Pylon  
  35  3:13  Adept  
  35  3:15  Probe (Chrono Boost)  
  38  3:24  Stalker  
  38  3:25  Probe (Chrono Boost)  
  39  3:29  Probe (Chrono Boost)  
  42  3:36  Probe (Chrono Boost)  
  42  3:41  Probe (Chrono Boost)  
  44  3:44  Robotics Facility  
  44  3:47  Probe (Chrono Boost)  
  45  3:50  Adept  
  45  3:52  Probe (Chrono Boost)  
  48  3:58  Probe (Chrono Boost)  
  48  3:59  Adept  
  51  4:05  Probe (Chrono Boost)  
  51  4:09  Probe (Chrono Boost)  
  53  4:13  Pylon  
  53  4:15  Probe (Chrono Boost)  
  54  4:20  Probe (Chrono Boost)  
  55  4:27  Probe (Chrono Boost)  
  55  4:29  Stalker  
  58  4:32  Immortal  
  58  4:34  Probe (Chrono Boost)  
  58  4:37  Pylon  
  58  4:38  Probe (Chrono Boost)  
  64  4:39  Stalker  
  67  4:46  Probe (Chrono Boost)  
  67  4:50  Probe (Chrono Boost)  
  67  4:52  Robotics Facility  
  68  4:53  Stalker  
  70  5:05  Probe (Chrono Boost)  
  70  5:06  Probe (Chrono Boost)  
  72  5:07  Immortal  
  72  5:12  Pylon  
  76  5:15  Pylon  
  76  5:20  Stalker  
  78  5:27  Twilight Council  
  78  5:30  Sentry  
  78  5:32  Assimilator  
  80  5:38  Probe (Chrono Boost), Assimilator  
  81  5:46  Gateway  
  81  5:51  Pylon  
  81  5:55  Probe x2 (Chrono Boost)  
  83  6:01  Zealot  
  85  6:06  Probe (Chrono Boost)  
  85  6:07  Probe (Chrono Boost)  
  85  6:09  Templar Archives  
  87  6:13  Pylon  
  87  6:17  Probe (Chrono Boost)  
  87  6:21  Zealot  
  87  6:22  Probe (Chrono Boost)  
  78  6:26  Zealot  
  78  6:29  Probe (Chrono Boost)  
  77  6:33  Probe (Chrono Boost)  
  78  6:40  Probe (Chrono Boost)  
  78  6:44  Probe (Chrono Boost)  
  78  6:45  High Templar  
  81  6:48  High Templar  
  81  6:51  Probe (Chrono Boost)  
  81  6:52  Stalker  
  86  6:56  Probe (Chrono Boost)  
  88  7:01  Archon  
  88  7:02  Probe (Chrono Boost)  
  88  7:07  Probe (Chrono Boost)  
  89  7:09  Forge  
  89  7:13  Probe (Chrono Boost)  
  89  7:14  High Templar  
  92  7:16  Nexus  
  92  7:17  Stalker  
  92  7:18  Probe (Chrono Boost)  
  95  7:27  High Templar  
  87  7:39  Sentry  
  87  7:41  Observer  
  87  7:44  Zealot  
  86  7:56  Zealot  
  80  8:00  Adept  
  80  8:02  Sentry  
  74  8:11  Archon  
  66  8:15  Zealot  
  66  8:19  Zealot  
  70  8:23  Stalker  
  72  8:30  Probe (Chrono Boost)  
  72  8:31  Probe x2 (Chrono Boost)  
  72  8:33  Zealot  
  77  8:37  High Templar  
  79  8:41  Probe (Chrono Boost), Assimilator  
  79  8:43  Probe (Chrono Boost), Assimilator  
  79  8:44  Probe (Chrono Boost)  
  79  8:45  Stalker  
  83  8:51  Zealot  
  83  8:52  Probe (Chrono Boost)  
  83  8:54  Probe (Chrono Boost)  
  88  8:55  Probe (Chrono Boost)  
  88  8:56  Immortal  
  92  9:04  Probe (Chrono Boost)  
  92  9:05  Probe (Chrono Boost)  
  92  9:07  Probe (Chrono Boost), Zealot, Immortal  
  92  9:08  Pylon, Stalker  
  103  9:10  Zealot  
  103  9:13  Nexus  
  103  9:16  Probe (Chrono Boost)  
  107  9:17  Probe (Chrono Boost)  
  107  9:18  Probe (Chrono Boost)  
  108  9:26  Stalker  
  108  9:27  Probe (Chrono Boost)  
  108  9:29  Zealot  
  108  9:30  Probe (Chrono Boost), High Templar  
  117  9:31  Probe (Chrono Boost)  
  117  9:32  Pylon, Immortal  
  122  9:39  Probe (Chrono Boost)  
  122  9:41  Probe (Chrono Boost)  
  122  9:42  Probe (Chrono Boost)  
  124  9:48  Adept  
  124  9:49  Stalker  
  128  9:54  Pylon  
  128  10:00  Zealot  
  130  10:07  Zealot  
  130  10:09  Stalker, Immortal  
  136  10:18  Zealot  
  136  10:20  Pylon  
  130  10:26  Zealot, Pylon  
  130  10:27  Probe (Chrono Boost)  
  131  10:30  Stalker  
  131  10:36  Zealot  
  127  10:43  Zealot  
  127  10:44  Forge  
  104  10:50  Probe (Chrono Boost)  
  104  10:51  Probe (Chrono Boost)  
  104  10:52  Probe (Chrono Boost), Stalker  
  104  10:53  Probe (Chrono Boost)  
  104  10:54  High Templar  
  89  11:01  Probe (Chrono Boost)  
  89  11:02  Probe (Chrono Boost), Zealot  
  89  11:03  Probe (Chrono Boost)  
  89  11:04  Probe (Chrono Boost)  
  84  11:13  Probe x2 (Chrono Boost), Sentry  
  84  11:15  Probe (Chrono Boost)  
  84  11:21  Adept  
  84  11:24  Probe (Chrono Boost), Zealot  
  75  11:34  Adept  
  75  11:36  Probe (Chrono Boost)  
  75  11:39  Probe (Chrono Boost), High Templar  
  71  11:42  Stalker  
  62  11:49  Probe (Chrono Boost)  
  62  11:50  Probe (Chrono Boost)  
  62  11:53  Adept  
  53  12:04  Sentry  
  53  12:10  Stalker  
  53  12:11  High Templar  
  53  12:14  Probe x2 (Chrono Boost)  
  59  12:25  Probe (Chrono Boost), High Templar  
  59  12:28  Probe (Chrono Boost)  
  59  12:29  Nexus  
  63  12:32  Sentry  
  63  12:36  Probe (Chrono Boost)  
  66  12:40  Probe (Chrono Boost)  
  66  12:42  Adept  
  69  12:48  Probe (Chrono Boost)  
  68  12:54  Zealot  
  68  12:55  Zealot  
  56  13:01  Zealot  
  54  13:12  Sentry  
  56  13:14  Adept  
  56  13:17  Probe (Chrono Boost)  
  58  13:20  Probe (Chrono Boost), High Templar  
  54  13:28  Probe (Chrono Boost)  
  54  13:33  Adept, Stalker  
  59  13:36  Probe (Chrono Boost)  
  59  13:40  Probe (Chrono Boost)  
  60  13:47  Probe (Chrono Boost)  
  61  13:50  Sentry  
  61  13:51  Probe (Chrono Boost)  
  61  13:52  Stalker  
  61  13:55  Zealot  
  44  14:11  Zealot  
  44  14:14  High Templar  
  44  14:16  Adept  
  26  14:40  Nexus  
Tags
 
Add a new tag
Caveats
  • Supply blocks, unpowered buildings, or Contaminate may cause inaccurate times.
  • Supply counts are checked every 10 seconds.